 Dungeon Crawl Stone Soup version 0.26-a0-466-g989023bd0d (webtiles) character file.

Game seed: 1453642022584722376

15159 pk666 the Thaumaturge (level 11, -2/54 HPs)
             Began as a Deep Elf Hedge Wizard on Aug 14, 2020.
             Was a Priest of Vehumet.
             Slain by an eight-headed hydra (10 damage)
             ... on level 5 of the Lair of Beasts.
             The game lasted 00:51:56 (18905 turns).

pk666 the Thaumaturge (Deep Elf Hedge Wizard)      Turns: 18905, Time: 00:51:57

Health: -2/54      AC:  7    Str:  7    XL:     11   Next: 98%
Magic:  0/29       EV: 22    Int: 23    God:    Vehumet [***...]
Gold:   500        SH:  0    Dex: 14    Spells: 17/35 levels left

rFire    . . .     SeeInvis .   a - +1 dagger
rCold    . . .     Faith    .   (no shield)
rNeg     . . .     Spirit   +   b - +0 robe
rPois    .         Reflect  .   c - +1 hat
rElec    .         Harm     .   (no cloak)
rCorr    .                      f - +0 pair of gloves
MR       ++...                  e - +2 pair of boots
Stlth    ++........             v - amulet of guardian spirit
HPRegen  0.18/turn              t - +4 ring of evasion
MPRegen  0.21/turn              J - ring of protection from magic

@: no status effects
A: no striking features
a: Renounce Religion


You were on level 5 of the Lair of Beasts.
You worshipped Vehumet.
Vehumet was most pleased with you.
You visited 3 branches of the dungeon, and saw 15 of its levels.

You collected 703 gold pieces.
You spent 203 gold pieces at shops.

Inventory:

Hand Weapons
 a - a +1 dagger (weapon)
 k - a +0 dagger of venom
Missiles
 q - 9 curare-tipped darts
 u - 14 javelins (quivered)
Armour
 b - a +0 robe (worn)
 c - a +1 hat (worn)
 e - a +2 pair of boots (worn)
 f - a +0 pair of gloves (worn)
Magical Staves
 P - an uncursed staff of wizardry {unknown}
Jewellery
 t - a +4 ring of evasion (left hand)
 v - an amulet of guardian spirit (around neck)
 J - a ring of protection from magic (right hand)
 O - a +4 ring of evasion
Wands
 r - a wand of clouds (6)
 C - a wand of digging (9)
 G - a wand of disintegration (6)
 K - a wand of enslavement (11)
Scrolls
 g - 16 scrolls of remove curse
 l - a scroll of enchant weapon
 m - a scroll of enchant armour
 n - 3 scrolls of amnesia
 p - 2 scrolls of fear
 s - 2 scrolls of teleportation
 y - 3 scrolls of fog {unknown}
 A - a scroll of magic mapping {unknown}
 D - a scroll of immolation {unknown}
 H - a scroll of brand weapon {unknown}
 N - 2 scrolls of identify
Potions
 d - 3 potions of resistance
 h - 3 potions of haste
 i - 5 potions of curing
 j - 3 potions of might
 o - 3 potions of lignification
 w - a potion of invisibility {unknown}
 x - 4 potions of flight
 z - 2 potions of berserk rage {unknown}
 B - 4 potions of brilliance {unknown}
 E - 2 potions of stabbing {unknown}
 F - 4 potions of mutation
 I - 3 potions of heal wounds
 M - a potion of cancellation {unknown}


   Skills:
 - Level 10.0 Dodging
 - Level 2.4 Stealth
 - Level 12.7 Spellcasting
 - Level 10.3 Conjurations
 - Level 2.0 Summonings
 - Level 2.0 Translocations
 - Level 10.1 Fire Magic
 + Level 6.8 Ice Magic
 - Level 2.0 Air Magic
 - Level 2.0 Poison Magic


You had 17 spell levels left.
You knew the following spells:

 Your Spells              Type           Power        Failure   Level
a - Magic Dart            Conj           ####         1%          1
b - Blink                 Tloc           N/A          2%          2
c - Conjure Flame         Conj/Fire      ######..     1%          3
d - Mephitic Cloud        Conj/Pois/Air  #####...     1%          3
e - Call Imp              Summ           ###.....     2%          2
f - Foxfire               Conj/Fire      ####         1%          1
g - Ozocubu's Refrigerat  Ice            #####.....   11%         6

Your spell library contained the following spells:

 Spells                   Type           Power        Failure   Level
 Static Discharge         Conj/Air       #####...     1%          3
 Gell's Gravitas          Tloc           ###.......   5%          3
 Slow                     Hex            ##......     6%          2
 Ice Form                 Ice/Tmut       ####....     11%         4
 Confusing Touch          Hex            ##......     13%         3
 Freezing Cloud           Conj/Ice/Air   #####.....   13%         6
 Metabolic Englaciation   Hex/Ice        ####......   28%         5
 Yara's Violent Unravell  Hex/Tmut       ##........   28%         5
 Petrify                  Tmut/Erth      ##......     38%         4
 Simulacrum               Ice/Necr       ####......   85%         6


Dungeon Overview and Level Annotations

Branches:
Dungeon (9/15)             Temple (1/1) D:5            Lair (6/6) D:9
 Shoals (0/4) Lair:2        Snake (0/4) Lair:2          Orc (0/2) D:9
  Slime: Lair:5-6

Altars:
Ashenzari
Cheibriados
Dithmenos
Elyvilon
Fedhas
Gozag
Hepliaklqana
Kikubaaqudgha
Makhleb
Nemelex Xobeh
Okawaru
Qazlal
Ru
Sif Muna
Trog
Uskayaw
Vehumet
Wu Jian
Xom
Yredelemnul
Zin
The Shining One

Shops:
D:5 *   D:9 (

Annotations:
D:4 3 runed translucent doors, KennyOmg's ghost, amateur MiBe
D:8 2 transporters, Yorgos's ghost, weakling GnDe
Lair:4 Urug
Lair:6 Snorg


Message History

Orders for allies: a - Attack new target. r - Retreat! s - Stop attacking. g - Guard the area. f - Follow me.
Anything else - Cancel.
Gang up on whom?
Press: ? - help, Dir - move target cursor, f - eight-headed hydra
Aim: an eight-headed hydra (flame, severely wounded) Attack!
The eight-headed hydra is engulfed in blazing flames.
The eight-headed hydra bites you!
The eight-headed hydra closely misses you.
The eight-headed hydra completely misses you.
The eight-headed hydra bites you but does no damage.
The eight-headed hydra bites you!
* * * LOW HITPOINT WARNING * * *
The eight-headed hydra completely misses you.
The eight-headed hydra bites you!
* * * LOW HITPOINT WARNING * * *
The eight-headed hydra bites you!
You die...

#......# #...... ...# #
#.#...#####.... ## .#.
#..8.#.#.#$.### .#....
#.....# .P..P..
.....8...+..>.8# ..P....
...............##.......
^...####.##.8.5#55......
###..... #..##D@.......
# #+ #........5...... #
##......#....... ...
#....#......... .#.
#...####.....PP ... #..#
###.... ... ##. ##.. .#.
. .. .#


You could see an eight-headed hydra, 2 friendly crimson imps, a friendly white
imp (summoned) and a friendly shadow imp (summoned).

Vanquished Creatures
  2 hydras
  A two-headed ogre (D:9)
  Harold (Lair:2)
  Sonja (Lair:1)
  Pikel (D:9)
  A black mamba (Lair:1)
  2 cane toads
  A komodo dragon (Lair:1)
  2 trolls
  4 dream sheep (Lair:5)
  4 blink frogs
  4 hippogriffs
  A wyvern (Lair:2)
  9 yaks
  A steam dragon (D:9)
  2 basilisks
  A naga (Lair:2)
  9 water moccasins
  6 porcupines
  3 sky beasts
  2 ice beasts
  A black bear (D:8)
  2 phantoms
  3 ogres
  An eye of draining (D:6)
  4 wolves (Lair:2)
  9 centaurs
  A crocodile (D:9)
  A big kobold (D:7)
  5 bullfrogs
  5 killer bees
  2 scorpions
  7 wights
  4 howler monkeys
  2 bullfrog zombies
  3 hounds (D:4)
  4 jellies
  2 orc priests (D:5)
  2 orc wizards (D:4)
  2 bullfrog skeletons
  3 iguanas
  4 worker ants
  A killer bee zombie (D:4)
  3 worker ant zombies
  8 gnolls
  7 adders
  2 shadow imps (D:8)
  A white imp (D:8)
  3 ufetubi
  2 adder skeletons (D:7)
  An adder zombie (D:5)
  4 worms
  3 dart slugs (D:2)
  6 leopard geckos
  27 orcs
  4 ball pythons
  4 bats
  3 bat zombies (D:2)
  9 giant cockroaches
  4 goblins (D:2)
  3 hobgoblins
  8 jackals
  2 quokkas
  A ball python skeleton (D:6)
  7 frilled lizards
  7 kobolds
  2 leopard gecko zombies
  A quokka zombie (D:6)
  10 rats
258 creatures vanquished.

Vanquished Creatures (collateral kills)
  A black mamba (Lair:2)
  A blink frog (Lair:4)
  A dream sheep (Lair:5)
  A naga (Lair:2)
  3 bullfrogs
  A worker ant (D:4)
  A kobold (D:6)
9 creatures vanquished.

Vanquished Creatures (others)
  457 foxfires
  9 fungi
  5 plants
471 creatures vanquished.

Grand Total: 738 creatures vanquished

Notes
Turn   | Place    | Note
-------+----------+-------------------------------------------
     0 | D:1      | pk666 the Deep Elf Hedge Wizard began the quest for the
                  | Orb.
     0 | D:1      | Reached XP level 1. HP: 10/10 MP: 7/7
   603 | D:1      | Reached XP level 2. HP: 15/15 MP: 7/9
   607 | D:1      | Learned a level 2 spell: Blink
  1011 | D:2      | Reached skill level 5 in Spellcasting
  1179 | D:2      | Reached XP level 3. HP: 19/19 MP: 7/11
  1184 | D:2      | Learned a level 3 spell: Conjure Flame
  1188 | D:2      | Learned a level 3 spell: Mephitic Cloud
  1191 | D:2      | Learned a level 2 spell: Call Imp
  1364 | D:2      | Found a bloodstained altar of Trog.
  1692 | D:2      | Found an ancient bone altar of Kikubaaqudgha.
  2231 | D:2      | Reached XP level 4. HP: 24/24 MP: 5/13
  2565 | D:3      | Reached skill level 1 in Poison Magic
  2676 | D:3      | Reached skill level 1 in Fire Magic
  2746 | D:3      | Found a sparkling altar of Nemelex Xobeh.
  2747 | D:3      | Found a glowing golden altar of the Shining One.
  2748 | D:3      | Found a snail-covered altar of Cheibriados.
  2966 | D:3      | Reached skill level 1 in Air Magic
  3412 | D:3      | Found an opulent altar of Gozag.
  3412 | D:3      | Found an iron altar of Okawaru.
  3515 | D:3      | Reached XP level 5. HP: 28/28 MP: 10/14
  4105 | D:4      | Found a runed translucent gate.
  4105 | D:4      | Found a runed translucent gate.
  4105 | D:4      | Found a runed translucent gate.
  4237 | D:4      | Noticed a phantom
  4279 | D:4      | Killed a phantom
  4279 | D:4      | Reached XP level 6. HP: 20/32 MP: 0/16
  4485 | D:4      | Noticed KennyOmg's ghost (amateur MiBe)
  4870 | D:4      | Reached skill level 6 in Spellcasting
  5610 | D:4      | Reached XP level 7. HP: 36/36 MP: 8/18
  5992 | D:5      | Entered Level 5 of the Dungeon
  5992 | D:5      | Found a hide-covered altar of Uskayaw.
  5992 | D:5      | Noticed a +0 dagger
  5992 | D:5      | Noticed a +0 dagger
  6263 | D:5      | Reached skill level 7 in Spellcasting
  6522 | D:5      | Reached skill level 5 in Conjurations
  6815 | D:5      | Found a glowing silver altar of Zin.
  6886 | D:5      | Found a burning altar of Makhleb.
  6886 | D:5      | Found an ornate altar of the Wu Jian Council.
  6893 | D:5      | Found a blossoming altar of Fedhas.
  7322 | D:5      | Found Xeaschosem's General Store.
  7326 | D:5      | Bought a scroll of fear for 49 gold pieces
  7326 | D:5      | Bought a potion of heal wounds for 70 gold pieces
  7326 | D:5      | Bought a scroll of remove curse for 42 gold pieces
  7326 | D:5      | Bought a scroll of teleportation for 42 gold pieces
  7360 | D:5      | Found a staircase to the Ecumenical Temple.
  7369 | Temple   | Entered the Ecumenical Temple
  7467 | Temple   | Became a worshipper of Vehumet
  7690 | D:6      | Got a scorched trident
  7691 | D:6      | Identified the cursed +1 trident "Oboch" {drain, *Slow
                  | rElec rN+} (You found it on level 6 of the Dungeon)
  8276 | D:7      | Reached XP level 8. HP: 41/41 MP: 18/21
  8314 | D:7      | Reached skill level 8 in Spellcasting
  8314 | D:7      | Reached skill level 5 in Fire Magic
  9282 | D:7      | Reached skill level 9 in Spellcasting
  9497 | D:7      | Reached * piety under Vehumet
  9497 | D:7      | Offered knowledge of Foxfire by Vehumet.
  9906 | D:7      | Noticed a troll
  9917 | D:7      | Killed a troll
  9917 | D:7      | Reached XP level 9. HP: 45/45 MP: 9/24
  9999 | D:7      | Learned a level 1 spell: Foxfire
 10563 | D:7      | Reached skill level 10 in Spellcasting
 10733 | D:7      | Reached skill level 5 in Dodging
 11780 | D:8      | Noticed Yorgos's ghost (weakling GnDe)
 11781 | D:8      | Found a transporter.
 11781 | D:8      | Found a transporter.
 11783 | D:8      | Noticed a two-headed ogre
 12148 | D:9      | Reached XP level 10. HP: 42/50 MP: 10/26
 12707 | D:9      | Reached ** piety under Vehumet
 12707 | D:9      | Offered knowledge of Sandblast by Vehumet.
 12945 | D:9      | Found a staircase to the Orcish Mines.
 12986 | D:9      | Reached skill level 11 in Spellcasting
 13066 | D:9      | Found a shimmering altar of Xom.
 13124 | D:9      | Found a hazy altar of Hepliaklqana.
 13164 | D:9      | Found a staircase to the Lair.
 13743 | D:9      | Noticed Pikel
 13755 | D:9      | Killed Pikel
 13838 | D:9      | Found Gatiled's Antique Weapon Emporium.
 13869 | D:9      | Noticed a two-headed ogre
 13936 | D:9      | Killed a two-headed ogre
 14145 | Lair:1   | Entered Level 1 of the Lair of Beasts
 14294 | Lair:1   | Noticed Sonja
 14423 | Lair:1   | Killed Sonja
 14617 | Lair:1   | Noticed a six-headed hydra
 14643 | Lair:1   | Killed a six-headed hydra
 14643 | Lair:1   | Reached skill level 12 in Spellcasting
 14643 | Lair:1   | Reached XP level 11. HP: 54/54 MP: 12/29
 15415 | Lair:1   | Reached skill level 10 in Conjurations
 16009 | Lair:2   | Found a staircase to the Shoals.
 16089 | Lair:2   | Noticed Harold
 16627 | Lair:2   | Reached skill level 10 in Fire Magic
 17200 | Lair:2   | Learned a level 6 spell: Ozocubu's Refrigeration
 17211 | Lair:2   | Offered knowledge of Static Discharge by Vehumet.
 17219 | Lair:2   | Reached skill level 1 in Ice Magic
 17521 | Lair:2   | Found a staircase to the Snake Pit.
 17853 | Lair:2   | Killed Harold
 17853 | Lair:2   | Reached skill level 10 in Dodging
 18350 | Lair:2   | You fall into a shaft and drop 2 floors!
 18487 | Lair:4   | Noticed a seven-headed hydra
 18506 | Lair:4   | Killed a seven-headed hydra
 18506 | Lair:4   | Reached skill level 5 in Ice Magic
 18653 | Lair:4   | Noticed Urug
 18686 | Lair:5   | Reached *** piety under Vehumet
 18722 | Lair:5   | Noticed an eight-headed hydra
 18730 | Lair:6   | Entered Level 6 of the Lair of Beasts
 18775 | Lair:6   | Noticed Snorg
 18792 | Lair:6   | Noticed a seven-headed hydra
 18803 | Lair:6   | Noticed a catoblepas
 18905 | Lair:5   | Slain by an eight-headed hydra

Illustrated notes

Levels and vault maps discovered:
D:1:      eino_arrival_cavern_a, layout_loops_cross, minmay_liquid_box,
          columned_hall_lemuel
D:2:      layout_rooms, lightli_temple_of_fire,
          lemuel_zombie_altar_kikubaaqudgha
D:3:      layout_basic, chequers_temple_overflow_statue_of_worship,
          gammafunk_temple_overflow_statue, gup_sewer_entry_spiral
D:4:      layout_loops_corners, gammafunk_ghost_icy
D:5:      layout_basic, dancing_weapons_uskayaw, zin_scriptorium,
          gammafunk_temple_overflow_claw, lemuel_temple_firewalk_a,
          serial_shops, shop
D:6:      layout_rooms
D:7:      layout_loops_cross, minmay_increasing_density
D:8:      layout_loops_cross, gammafunk_ghost_smash
D:9:      layout_loops_corners, xom_teletrap_fun, david_lair_generic,
          orc_0_dummy, basic_altar, serial_shops, shop, uniq_pikel
Temple:   nicolae_temple_figure_zero
Lair:1:   layout_roguey, enter_volcano_2, uniq_sonja
Lair:2:   layout_gridlike, minmay_shoals_entry_centaurs,
          guppyfry_snake_entry_island, uniq_harold
Lair:4:   layout_cave_pods, chequers_serial_rivers_large_a,
          eino_small_chamber_without_monster, uniq_kirke, uniq_urug
Lair:5:   layout_roguey, grunt_megastairs_1
Lair:6:   evilmike_catoblepas_cave, layout_gridlike, minmay_slime_entry_pillars,
          disabler_island, lemuel_fruit_tree, uniq_snorg

Skill      XL: |  1  2  3  4  5  6  7  8  9 10 11 |
---------------+----------------------------------+-----
Conjurations   | 2 3 4 5 7 8 9 10 | 10.3
Spellcasting   | 5 6 7 9 10 12 | 12.7
Poison Magic   | 1 2 |  2.0
Translocations | 2 |  2.0
Fire Magic     | 1 2 3 4 6 8 9 10 | 10.1
Air Magic      | 1 2 |  2.0
Summonings     | 2 |  2.0
Dodging        | 3 6 8 10 | 10.0
Ice Magic      | 6 |  6.8
Stealth        | |  2.4

Action                   |  1- 3 |  4- 6 |  7- 9 | 10-12 || total
-------------------------+-------+-------+-------+-------++-------
Melee: Dagger            |       |    25 |    16 |    13 ||    54
 Cast: Magic Dart        |   122 |   184 |   337 |   199 ||   842
       Mephitic Cloud    |       |     6 |    26 |    51 ||    83
       Call Imp          |       |     5 |    11 |    42 ||    58
       Conjure Flame     |       |     6 |    35 |    27 ||    68
       Blink             |       |     5 |    12 |    18 ||    35
       Foxfire           |       |       |    60 |   212 ||   272
Evoke: Wand              |       |       |       |     7 ||     7
  Use: Scroll            |       |       |     1 |    18 ||    19
       Potion            |       |       |       |     3 ||     3
 Stab: Confused          |       |       |     1 |     1 ||     2
Armor: Robe              |     6 |    10 |    19 |    28 ||    63
Dodge: Dodged            |    29 |    75 |   107 |   198 ||   409

Table legend: (Time is in decaauts)
 A = Elapsed time spent in this place.
 B = Non-inter-level travel time spent in this place.
 C = Inter-level travel time spent in this place.
 D = Time resting spent in this place.
 E = Time spent auto-exploring this place.
 F = Levels seen in this place.
 G = Mean time per level.
                   A        B        C        D        E       F      G
               +--------+--------+--------+--------+--------+-----+--------+
         Total |  18949 |  18306 |    643 |   7091 |   8251 |  15 | 1263.3 |
       Dungeon |  14168 |  13675 |    493 |   4809 |   6783 |   9 | 1574.2 |
        Temple |    120 |    111 |      9 |      0 |    105 |   1 |  120.0 |
          Lair |   4660 |   4519 |    141 |   2282 |   1363 |   5 |  932.0 |
               +--------+--------+--------+--------+--------+-----+--------+

Top non-repeatable levels by time:
     D:4: 2706 daAuts
  Lair:1: 2504 daAuts
     D:9: 2223 daAuts
     D:7: 1832 daAuts
     D:3: 1669 daAuts
  Lair:2: 1601 daAuts
     D:6: 1341 daAuts
     D:8: 1214 daAuts
     D:5: 1155 daAuts
     D:2: 1154 daAuts
     D:1: 871 daAuts
  Lair:4: 311 daAuts
  Lair:5: 161 daAuts
  Temple: 120 daAuts
  Lair:6: 81 daAuts
